 Dungeon Crawl Stone Soup version 0.19-a0-1626-g5215c36 (webtiles) character file.

34 st0uf the Caller (level 3, -3/18 HPs)
             Began as a Deep Elf Summoner on Sept 18, 2016.
             Slain by an adder (4 damage)
             ... on level 2 of the Dungeon.
             The game lasted 00:09:40 (1518 turns).

st0uf the Caller (Deep Elf Summoner)                Turns: 1518, Time: 00:09:42

Health: -3/18      AC:  2    Str:  3    XL:     3   Next: 14%
Magic:  2/10       EV: 13    Int: 20    God:
Gold:   54         SH:  0    Dex: 15    Spells: 3 memorised, 3 levels left

rFire  . . .     SeeInvis .     e - +0 dagger (flame)
rCold  . . .     Gourm    .     a - +0 robe
rNeg   . . .     Faith    .     (no shield)
rPois  .         Spirit   .     (no helmet)
rElec  .         Dismiss  .     (no cloak)
rCorr  .         Reflect  .     (no gloves)
MR     .....     Harm     .     (no boots)
Stlth  ++........ Rnd*Rage +    (no amulet)
                                (no ring)
                                (no ring)

@: lethally poisoned (-3 -> -7), hasted, very quick
A: berserk 1, frail 1, weak 1
a: no special abilities


You were on level 2 of the Dungeon.
You were hungry.

You visited 1 branch of the dungeon, and saw 2 of its levels.

You collected 54 gold pieces.

Inventory:

Hand Weapons
 e - a +0 dagger of flaming (weapon)
Armour
 a - a +0 robe (worn)
Scrolls
 g - a scroll of remove curse {unknown}
 h - a scroll of teleportation {unknown}
 j - a scroll of magic mapping {unknown}
 k - a scroll of blinking {unknown}
 m - a scroll of identify {unknown}
Books
 b - a book of Callings

   Spells                             Type                      Level
   a - Summon Small Mammal            Summoning                    1
   b - Call Imp                       Summoning                    2
   c - Call Canine Familiar           Summoning                    3
   d - Summon Guardian Golem          Hexes/Summoning              3
   e - Summon Lightning Spire         Summoning/Air                4
   f - Summon Ice Beast               Ice/Summoning                4
Comestibles
 c - a bread ration
 d - a meat ration
 l - a chunk of flesh


   Skills:
 * Level 1.1 Fighting
 + Level 2.8 Dodging
 - Level 2.4 Stealth
 * Level 3.5 Spellcasting
 + Level 4.7 Summonings


You had 3 spell levels left.
You knew the following spells:

 Your Spells              Type           Power        Failure   Level  Hunger
a - Summon Small Mammal   Summ           ###.         1%          1    None
b - Call Imp              Summ           ###.....     2%          2    ##.....
c - Summon Guardian Gole  Hex/Summ       ##......     17%         3    ###....


Dungeon Overview and Level Annotations

Branches:
Dungeon (2/15)

Altars:


Innate Abilities, Weirdness & Mutations

You tend to lose your temper in combat.
You are frail. (-10% HP)
You are weak. (Str -2)


Message History

Your shadow imp barely misses the adder.
The adder closely misses you.
The adder closely misses your shadow imp.
Your crimson imp hits the adder.
The adder bites your crimson imp.
It was a potion of mutation.
You feel extremely strange.
You feel frail.
You feel weaker.
You feel a little pissed off. The adder bites you.
* * * LOW HITPOINT WARNING * * *
The adder barely misses your shadow imp.
Your shadow imp barely misses the adder.
The adder bites your crimson imp. The adder bites you but does no damage.
Your crimson imp hits the adder.
The adder closely misses your shadow imp.
It was a potion of haste.
You feel yourself speed up.
* * * LOW HITPOINT WARNING * * *
You feel sick.
Your shadow imp closely misses the adder.
The adder barely misses your crimson imp.
The adder bites you.
You die...

.....##....# #.....###
...........#######.#####....
#.....##....#........##
###.####....########.#
#.S8##....# #.## ###5##....#
#... #S##....###########
#5S#............)..
##@#....#####...### #(#....#
###.... #......# #####
###....# ### ##.### #.. #.[.
#.. .##.# ##.. .
#.########... #
#............


You could see 3 adders, a friendly guardian golem, a friendly crimson imp and a
friendly shadow imp.

Vanquished Creatures
  A leopard gecko (D:2)
  A goblin (D:1)
  2 hobgoblins
  A quokka (D:2)
  A bat (D:2)
6 creatures vanquished.

Vanquished Creatures (collateral kills)
  An adder (D:2)
  A worm (D:2)
  A leopard gecko (D:1)
  3 bats
  A giant cockroach (D:2)
  4 goblins
  2 hobgoblins
  A quokka (D:2)
  6 frilled lizards (D:1)
  4 kobolds
  5 rats
29 creatures vanquished.

Grand Total: 35 creatures vanquished

Notes
Turn   | Place    | Note
-------+----------+-------------------------------------------
     0 | D:1      | st0uf the Deep Elf Summoner began the quest for the Orb.
     0 | D:1      | Reached XP level 1. HP: 10/10 MP: 6/6
   590 | D:1      | Reached XP level 2. HP: 15/15 MP: 5/8
   594 | D:1      | Learned a level 2 spell: Call Imp
  1296 | D:2      | Reached skill level 1 in Fighting
  1296 | D:2      | Reached XP level 3. HP: 19/20 MP: 5/10
  1301 | D:2      | Learned a level 3 spell: Summon Guardian Golem
  1517 | D:2      | Gained mutation: You are frail. (-10% HP) [potion of mutation]
  1517 | D:2      | Gained mutation: You are weak. (Str -2) [potion of mutation]
  1517 | D:2      | Gained mutation: You tend to lose your temper in combat. [potion of mutation]
  1518 | D:2      | Slain by an adder

Vault maps used:
D:1:      dpeg_arrival_pond, minmay_pentomino_o4
D:2:      xom_butterflies

Skill      XL: |  1  2 |
---------------+-------+-----
Fighting       | 1 |  1.1
Dodging        | |  2.8
Stealth        | |  2.4
Spellcasting   | |  3.5
Summonings     | |  4.7

Action                   || total
-------------------------++-------
Melee: Dagger            ||    42
 Cast: Summon Small Mamm ||    14
       Call Imp          ||    17
       Summon Guardian G ||     3
  Use: Potion            ||     2
  Eat: Chunk             ||     2
Armor: Robe              ||     9
Dodge: Dodged            ||    37
